 Dungeon Crawl Stone Soup version 0.29.1-13-g9f3cf754e1 (webtiles) character file.

Game seed: 6136882437568448910

60 Thatpatchoflichen the Sneak (level 4, -4/27 HPs)
             Began as a Kobold Brigand on Feb 1, 2023.
             Killed from afar by a white imp (13 damage)
             ... with a puff of frost
             ... on level 3 of the Dungeon.
             The game lasted 00:03:28 (2461 turns).

Thatpatchoflichen the Sneak (Kobold Brigand)        Turns: 2461, Time: 00:03:28

Health: -4/27      AC:  3    Str:  8    XL:     4   Next: 24%
Magic:  4/4        EV: 15    Int: 12    God:
Gold:   133        SH:  0    Dex: 18    Spells: 3/3 levels left

rFire   . . .      SeeInvis .   a - +2 dagger
rCold   . . .      Faith    .   (no shield)
rNeg    . . .      Spirit   .   b - +0 robe
rPois   .          Reflect  .   (no helmet)
rElec   .          Harm     .   c - +0 cloak
rCorr   .          Rampage  .   (no gloves)
Will    .....                   (no boots)
Stlth   ++++......              (no amulet)
HPRegen 0.09/turn               (no ring)
MPRegen 0.09/turn               (no ring)

@: no status effects
A: small, no large weapons, nightstalker 3
a: no special abilities


You were on level 3 of the Dungeon.
You visited 1 branch of the dungeon, and saw 3 of its levels.

You collected 133 gold pieces.

Inventory:

Hand Weapons
 a - a +2 dagger (weapon)
Missiles
 d - 9 poisoned darts (quivered)
 e - 3 curare-tipped darts
 j - 4 boomerangs
Armour
 b - a +0 robe (worn)
 c - a +0 cloak (worn)
Jewellery
 h - an amulet of magic regeneration
 q - a ring of flight
Scrolls
 f - a scroll of torment {unknown}
 g - 2 scrolls of identify {unknown}
 i - a scroll of fear {unknown}
 l - a scroll of magic mapping {unknown}
 p - a scroll of enchant armour {unknown}
Potions
 k - 2 potions of degeneration {unknown}
 m - a potion of brilliance {unknown}
 n - a potion of curing {unknown}
 o - a potion of ambrosia {unknown}


   Skills:
 + Level 2.9 Fighting
 + Level 3.5 Short Blades
 - Level 2.4 Throwing
 + Level 2.3 Dodging
 + Level 5.9 Stealth


You had 3 spell levels left.
You didn't know any spells.
Your spell library contained the following spells:

 Spells                   Type           Power      Damage    Failure   Level
 Freeze                   Ice            0%         1d3       32%         1
 Frozen Ramparts          Ice            0%         1d1       69%         3
 Hailstorm                Conj/Ice       0%         3d3       97%         4


Dungeon Overview and Level Annotations

Branches:
Dungeon (3/15)

Altars:
Gozag


Innate Abilities, Weirdness & Mutations

You are small and have problems with some larger weapons.
You are completely attuned to the shadows.


Message History

5 stones; a +0 short sword; a kobold corpse An endoplasm comes into view.
Found a whip.
You see here a +0 whip.
The helpless endoplasm fails to defend itself.
You stick the endoplasm like a pincushion!!!
You kill the endoplasm!
Found an opulent altar of Gozag.
There is a stone staircase leading down here.
Done exploring.
Done exploring.
There is a stone staircase leading down here.
You climb downwards.
There is a stone staircase leading up here.
You now have 133 gold pieces (gained 14).
Found a whip.
Found 3 stones.
q - a ring of flight
Found a stone staircase leading down.
You open the door.
There is an open door here.
A white imp comes into view.
The white imp shouts, "Get thee gone, thou simpering ruttish wagtail!"
The white imp gestures at you. The puff of frost hits you!
The white imp gestures at you. The puff of frost hits you!
You completely miss the white imp. The white imp gestures at you.
The puff of frost hits you.
You hit the white imp but do no damage.
The white imp hits you but does no damage.
You hit the white imp but do no damage.
The white imp hits you but does no damage.
You barely miss the white imp. You hit the white imp.
The white imp is moderately wounded.
The white imp gestures at you. The puff of frost hits you!
You die...

.......# ......#
......# #####..
......######......
......'............
......######.......
...>...............
###.########.......
#. #..@5... #
#####..# #.# #


You could see a white imp.

Vanquished Creatures
  3 adders (D:2)
  4 ball pythons (D:1)
  4 endoplasms
  2 giant cockroaches (D:2)
  A goblin (D:1)
  3 hobgoblins
  2 quokkas (D:1)
  4 bats (D:1)
  3 frilled lizards
  2 kobolds (D:2)
  6 rats
34 creatures vanquished.

Notes
Turn   | Place    | Note
-------+----------+-------------------------------------------
     0 | D:1      | Thatpatchoflichen the Kobold Brigand began the quest for
                  | the Orb.
     0 | D:1      | Reached XP level 1. HP: 12/12 MP: 1/1
    67 | D:2      | Reached XP level 2. HP: 18/18 MP: 2/2
   460 | D:1      | Reached XP level 3. HP: 22/22 MP: 3/3
  1185 | D:1      | Found a faded altar of an unknown god.
  2052 | D:2      | Reached XP level 4. HP: 27/27 MP: 4/4
  2144 | D:2      | Found an opulent altar of Gozag.
  2461 | D:3      | Killed from afar by a white imp

Illustrated notes

Levels and vault maps discovered:
D:1:      amcnicky_arrival_blooded_trapdoor, layout_basic,
          dreamdust_ecumenical_altar_hidden_monk_grotto
D:2:      layout_loops_cross, basic_altar
D:3:      layout_basic, evilmike_ruin_ashenzari, kennysheep_potato

Skill      XL: |  1  2  3 |
---------------+----------+-----
Short Blades   | 3 |  3.5
Dodging        | 2 |  2.3
Fighting       | |  2.9
Throwing       | |  2.4
Stealth        | |  5.9

Action                   |  1- 3 |  4- 6 || total
-------------------------+-------+-------++-------
Melee: Dagger            |    65 |     8 ||    73
       Punch             |     1 |       ||     1
 Stab: Sleeping          |    15 |     3 ||    18
Armor: Robe              |     7 |     2 ||     9
Dodge: Dodged            |    37 |       ||    37
